[ AOE2 MATCH · #479807153 ]
UnrankedRomans vs Celts
[ REPLAY ANALYSIS · EXTRACTED FROM THE RECORDED GAME ]
Feudal
10:56
Castle
22:18
Imperial
36:54
| APM avg | 26.7 |
| APM peak | 71 |
| eAPM avg | 17.6 |
| Villagers / military | 149 / 107 |
Focus
⚔️ 30.2% · 🌾 69.8%
Militia ×43 · Scorpion ×34 · Spearman ×17 · Trebuchet (Packed) ×6 · Mangonel ×4 · Battering Ram ×3
Feudal
12:26
Castle
25:02
Imperial
39:15
| APM avg | 27.0 |
| APM peak | 125 |
| eAPM avg | 13.0 |
| Villagers / military | 125 / 111 |
Focus
⚔️ 21.4% · 🌾 78.6%
Spearman ×81 · Woad Raider ×20 · Mangonel ×9 · Militia ×1
Feudal
18:46
Castle
25:11
Imperial
39:35
| APM avg | 20.1 |
| APM peak | 91 |
| eAPM avg | 10.8 |
| Villagers / military | 113 / 63 |
Focus
⚔️ 28.6% · 🌾 71.4%
Knight ×59 · Scout Cavalry ×4
Feudal
15:16
Castle
20:01
Imperial
36:59
| APM avg | 21.8 |
| APM peak | 45 |
| eAPM avg | 14.6 |
| Villagers / military | 133 / 121 |
Focus
⚔️ 23.4% · 🌾 76.6%
Knight ×71 · Trade Cart ×32 · Spearman ×16 · Conquistador ×12 · Hand Cannoneer ×10 · Missionary ×5
Match map
Initial resources + every placement click. Lines = walls · curves = elevation contours. ◆ gold · ⬟ stone · ● berries · ✦ relic · ◌ wall gap
Your base· Open — opponent sealed themselves in
RedSk0rpi0's base· ✓ Closed at 25:02 · 32t walls · no gate
YVillamilE's base· ✓ Closed at 25:11 · 74t walls · 1 gate(s)
lovestosplooge's base· Open — opponent sealed themselves in
Smoothed initial terrain · ◌ = detected wall gap · hover for details
Inputs per minute
— Bart Harley Jarvis - - RedSk0rpi0
Build order — Bart Harley Jarvis
First 150 of 404 actions detected
| 0:01 | Create | Villager (Male) |
| 0:01 | Create | Villager (Male) |
| 0:01 | Create | Villager (Male) |
| 0:03 | Build | House |
| 0:04 | Build | House |
| 0:31 | Create | Villager (Male) |
| 1:54 | Create | Villager (Male) |
| 2:03 | Create | Villager (Male) |
| 2:12 | Build | Lumber Camp |
| 2:15 | Create | Villager (Male) |
| 2:42 | Create | Villager (Male) |
| 3:11 | Create | Villager (Male) |
| 3:35 | Create | Villager (Male) |
| 4:09 | Create | Villager (Male) |
| 4:15 | Build | House |
| 4:46 | Build | House |
| 5:10 | Create | Villager (Male) |
| 5:38 | Create | Villager (Male) |
| 6:02 | Create | Villager (Male) |
| 6:09 | Build | Mill |
| 6:19 | Build | Palisade Wall |
| 6:21 | Build | Palisade Wall |
| 6:27 | Create | Villager (Male) |
| 6:46 | Create | Villager (Male) |
| 7:06 | Create | Villager (Male) |
| 7:28 | Create | Villager (Male) |
| 7:44 | Create | Villager (Male) |
| 7:52 | Build | House |
| 8:44 | Build | Barracks |
| 8:46 | Research | Feudal Age |
| 9:45 | Build | Mining Camp |
| 9:47 | Create | Militia |
| 9:47 | Create | Militia |
| 9:54 | Build | Mining Camp |
| 10:05 | Build | Lumber Camp |
| 10:15 | Create | Militia |
| 10:33 | Create | Militia |
| 10:56 | Age | Feudal Age |
| 10:57 | Build | Farm |
| 11:03 | Research | Man-at-Arms (upgrade) |
| 11:10 | Build | House |
| 11:12 | Build | House |
| 11:13 | Build | House |
| 11:24 | Build | Watch Tower |
| 11:37 | Create | Militia |
| 11:41 | Create | Villager (Male) |
| 11:47 | Research | Double-Bit Axe |
| 11:48 | Research | Horse Collar |
| 11:50 | Research | Gold Mining |
| 11:56 | Create | Villager (Male) |
| 12:22 | Create | Villager (Male) |
| 12:35 | Build | Blacksmith |
| 13:00 | Build | Watch Tower |
| 13:05 | Create | Villager (Male) |
| 13:25 | Create | Villager (Male) |
| 13:27 | Research | Padded Archer Armor |
| 13:33 | Research | Scale Mail Armor |
| 14:04 | Build | Watch Tower |
| 14:16 | Create | Villager (Male) |
| 14:20 | Build | Farm |
| 14:21 | Build | Farm |
| 14:46 | Create | Villager (Male) |
| 14:50 | Build | Farm |
| 14:53 | Build | Farm |
| 14:55 | Build | Farm |
| 15:14 | Create | Villager (Male) |
| 15:20 | Build | Farm |
| 15:35 | Build | House |
| 15:41 | Build | House |
| 15:55 | Research | Fletching |
| 16:14 | Create | Villager (Male) |
| 16:26 | Create | Villager (Male) |
| 16:29 | Create | Militia |
| 16:44 | Build | Farm |
| 16:45 | Build | Farm |
| 16:46 | Build | Farm |
| 16:48 | Build | Farm |
| 16:51 | Create | Villager (Male) |
| 16:52 | Create | Villager (Male) |
| 16:55 | Build | Farm |
| 16:55 | Build | Farm |
| 17:28 | Build | Lumber Camp |
| 17:32 | Create | Villager (Male) |
| 17:39 | Build | Market |
| 17:46 | Build | Lumber Camp |
| 17:51 | Create | Villager (Male) |
| 18:30 | Create | Villager (Male) |
| 18:39 | Build | Farm |
| 18:40 | Build | Farm |
| 18:44 | Build | Farm |
| 18:47 | Build | Farm |
| 18:58 | Create | Villager (Male) |
| 19:25 | Build | Farm |
| 19:38 | Research | Castle Age |
| 20:08 | Create | Militia |
| 20:08 | Create | Militia |
| 20:23 | Research | Forging |
| 20:40 | Create | Villager (Male) |
| 21:20 | Create | Militia |
| 21:20 | Create | Militia |
| 21:23 | Create | Villager (Male) |
| 22:18 | Age | Castle Age |
| 22:22 | Build | Siege Workshop |
| 22:24 | Create | Villager (Male) |
| 22:27 | Research | Long Swordsman (upgrade) |
| 22:28 | Research | Chain Mail Armor |
| 22:30 | Create | Villager (Male) |
| 22:34 | Build | Town Center |
| 22:48 | Create | Militia |
| 22:52 | Research | Iron Casting |
| 22:56 | Build | Farm |
| 23:06 | Create | Battering Ram |
| 23:33 | Create | Militia |
| 23:33 | Create | Militia |
| 23:34 | Create | Militia |
| 23:52 | Create | Villager (Male) |
| 23:52 | Create | Villager (Male) |
| 23:57 | Build | House |
| 24:13 | Create | Militia |
| 24:23 | Build | Barracks |
| 25:18 | Create | Villager (Male) |
| 25:18 | Create | Villager (Male) |
| 25:21 | Research | Wheelbarrow |
| 25:21 | Research | Loom |
| 25:33 | Build | Town Center |
| 25:34 | Create | Villager (Male) |
| 25:35 | Create | Villager (Male) |
| 25:38 | Build | Town Center |
| 25:49 | Create | Militia |
| 25:49 | Create | Militia |
| 25:49 | Create | Militia |
| 25:52 | Research | Bodkin Arrow |
| 25:53 | Create | Villager (Male) |
| 25:54 | Create | Villager (Male) |
| 25:59 | Build | Farm |
| 26:02 | Build | Farm |
| 26:06 | Create | Villager (Male) |
| 26:06 | Create | Villager (Male) |
| 26:15 | Create | Militia |
| 26:15 | Create | Militia |
| 26:16 | Create | Militia |
| 26:17 | Research | Squires |
| 26:22 | Create | Battering Ram |
| 27:00 | Create | Militia |
| 27:00 | Create | Militia |
| 27:01 | Create | Militia |
| 27:01 | Create | Militia |
| 27:32 | Create | Villager (Male) |
| 27:32 | Create | Villager (Male) |
| 27:32 | Create | Villager (Male) |
Build order — RedSk0rpi0
First 150 of 344 actions detected
| 0:01 | Create | Villager (Male) |
| 0:01 | Create | Villager (Male) |
| 0:02 | Build | House |
| 0:04 | Build | House |
| 0:17 | Create | Villager (Male) |
| 0:18 | Create | Villager (Male) |
| 1:41 | Create | Villager (Male) |
| 2:12 | Build | Lumber Camp |
| 2:13 | Create | Villager (Male) |
| 2:35 | Create | Villager (Male) |
| 3:23 | Create | Villager (Male) |
| 3:45 | Create | Villager (Male) |
| 4:22 | Create | Villager (Male) |
| 4:32 | Build | House |
| 5:11 | Create | Villager (Male) |
| 5:19 | Build | House |
| 5:27 | Create | Villager (Male) |
| 6:13 | Create | Villager (Male) |
| 6:30 | Create | Villager (Male) |
| 7:06 | Create | Villager (Male) |
| 7:32 | Create | Villager (Male) |
| 7:39 | Build | Mill |
| 8:02 | Create | Villager (Male) |
| 8:25 | Create | Villager (Male) |
| 8:52 | Create | Villager (Male) |
| 9:20 | Create | Villager (Male) |
| 9:28 | Build | Lumber Camp |
| 9:52 | Research | Loom |
| 10:14 | Research | Feudal Age |
| 10:43 | Build | Palisade Wall |
| 10:56 | Build | House |
| 11:04 | Build | House |
| 11:20 | Build | Mining Camp |
| 12:20 | Build | House |
| 12:26 | Age | Feudal Age |
| 12:36 | Build | Watch Tower |
| 12:39 | Build | House |
| 12:41 | Build | House |
| 12:44 | Create | Villager (Male) |
| 12:46 | Research | Double-Bit Axe |
| 12:48 | Research | Horse Collar |
| 12:53 | Build | House |
| 12:54 | Build | House |
| 13:09 | Build | House |
| 13:13 | Build | House |
| 13:25 | Build | Blacksmith |
| 13:30 | Create | Villager (Male) |
| 13:32 | Build | Farm |
| 13:49 | Build | Watch Tower |
| 14:03 | Build | Farm |
| 14:05 | Create | Villager (Male) |
| 14:15 | Research | Fletching |
| 14:18 | Build | House |
| 14:19 | Create | Villager (Male) |
| 14:45 | Build | House |
| 14:48 | Build | House |
| 15:04 | Build | Lumber Camp |
| 15:09 | Build | Lumber Camp |
| 15:10 | Create | Villager (Male) |
| 15:15 | Create | Villager (Male) |
| 15:33 | Build | House |
| 15:34 | Create | Villager (Male) |
| 15:38 | Build | Farm |
| 15:39 | Build | Farm |
| 15:40 | Build | Farm |
| 16:09 | Create | Villager (Male) |
| 16:13 | Build | Farm |
| 16:45 | Build | Watch Tower |
| 16:56 | Create | Villager (Male) |
| 17:02 | Build | Farm |
| 17:39 | Create | Villager (Male) |
| 18:03 | Create | Villager (Male) |
| 18:07 | Build | Farm |
| 18:12 | Build | Mining Camp |
| 18:13 | Create | Villager (Male) |
| 18:20 | Create | Villager (Male) |
| 18:40 | Build | Farm |
| 18:41 | Create | Villager (Male) |
| 18:47 | Build | Farm |
| 18:47 | Build | Farm |
| 18:48 | Build | Farm |
| 18:48 | Build | Farm |
| 18:48 | Build | Farm |
| 18:48 | Build | Farm |
| 18:49 | Build | Farm |
| 18:56 | Create | Villager (Male) |
| 19:53 | Build | Farm |
| 19:55 | Create | Villager (Male) |
| 20:14 | Build | Farm |
| 20:20 | Create | Villager (Male) |
| 20:53 | Build | House |
| 20:55 | Build | House |
| 20:56 | Build | House |
| 21:18 | Build | Market |
| 21:20 | Create | Villager (Male) |
| 22:22 | Research | Castle Age |
| 23:25 | Research | Stone Mining |
| 24:24 | Build | Palisade Wall |
| 25:02 | Age | Castle Age |
| 25:14 | Build | Castle |
| 25:23 | Build | Gate |
| 25:29 | Build | Siege Workshop |
| 25:44 | Build | Gate |
| 26:01 | Build | Stone Wall |
| 26:04 | Build | Stone Wall |
| 26:10 | Build | Stone Wall |
| 26:16 | Create | Mangonel |
| 26:21 | Create | Villager (Male) |
| 26:26 | Build | Town Center |
| 26:30 | Research | Bow Saw |
| 26:32 | Research | Heavy Plow |
| 27:06 | Create | Mangonel |
| 27:21 | Build | Lumber Camp |
| 27:43 | Create | Mangonel |
| 27:45 | Create | Villager (Male) |
| 28:37 | Create | Villager (Male) |
| 28:37 | Create | Villager (Male) |
| 28:41 | Create | Villager (Male) |
| 28:42 | Create | Villager (Male) |
| 28:44 | Create | Villager (Male) |
| 28:52 | Research | Bodkin Arrow |
| 29:15 | Create | Mangonel |
| 29:26 | Build | Lumber Camp |
| 29:36 | Build | Town Center |
| 29:47 | Create | Villager (Male) |
| 29:47 | Create | Villager (Male) |
| 29:48 | Create | Villager (Male) |
| 30:08 | Build | University |
| 30:18 | Build | Farm |
| 30:23 | Create | Villager (Male) |
| 30:24 | Create | Villager (Male) |
| 30:42 | Create | Villager (Male) |
| 30:42 | Create | Villager (Male) |
| 30:42 | Create | Villager (Male) |
| 30:43 | Create | Villager (Male) |
| 30:43 | Create | Villager (Male) |
| 31:02 | Build | Mill |
| 31:03 | Build | Farm |
| 31:03 | Build | Farm |
| 31:03 | Build | Farm |
| 31:04 | Build | Farm |
| 31:04 | Build | Farm |
| 31:04 | Build | Farm |
| 31:04 | Build | Farm |
| 31:05 | Build | Farm |
| 31:08 | Create | Villager (Male) |
| 31:08 | Create | Villager (Male) |
| 31:09 | Create | Villager (Male) |
| 31:16 | Create | Villager (Male) |
| 31:18 | Build | Farm |
Build order — YVillamilE
First 150 of 324 actions detected
| 0:01 | Create | Villager (Male) |
| 0:01 | Create | Villager (Male) |
| 0:01 | Create | Villager (Male) |
| 0:03 | Build | House |
| 0:05 | Build | House |
| 0:09 | Create | Villager (Male) |
| 1:55 | Create | Villager (Male) |
| 2:23 | Create | Villager (Male) |
| 2:23 | Create | Villager (Male) |
| 2:32 | Create | Villager (Male) |
| 3:08 | Build | Palisade Wall |
| 3:31 | Build | Lumber Camp |
| 3:31 | Create | Villager (Male) |
| 3:32 | Create | Villager (Male) |
| 4:28 | Build | Palisade Wall |
| 4:36 | Create | Villager (Male) |
| 4:36 | Create | Villager (Male) |
| 5:18 | Create | Villager (Male) |
| 5:18 | Create | Villager (Male) |
| 6:05 | Create | Villager (Male) |
| 6:09 | Create | Villager (Male) |
| 6:13 | Build | House |
| 6:18 | Research | Loom |
| 6:19 | Create | Villager (Male) |
| 6:21 | Create | Villager (Male) |
| 6:48 | Create | Villager (Male) |
| 6:48 | Create | Villager (Male) |
| 7:53 | Create | Villager (Male) |
| 7:54 | Create | Villager (Male) |
| 8:03 | Build | House |
| 8:37 | Create | Villager (Male) |
| 8:42 | Create | Villager (Male) |
| 8:43 | Create | Villager (Male) |
| 8:56 | Build | Palisade Wall |
| 9:15 | Create | Villager (Male) |
| 9:16 | Create | Villager (Male) |
| 9:24 | Build | House |
| 9:25 | Build | House |
| 9:33 | Build | House |
| 9:55 | Create | Villager (Male) |
| 10:18 | Build | House |
| 10:37 | Build | Palisade Wall |
| 10:51 | Build | House |
| 11:02 | Create | Villager (Male) |
| 11:02 | Create | Villager (Male) |
| 12:55 | Build | Mill |
| 13:10 | Create | Villager (Male) |
| 13:11 | Create | Villager (Male) |
| 13:40 | Build | Farm |
| 13:40 | Build | Farm |
| 13:40 | Build | Farm |
| 13:41 | Build | Farm |
| 13:53 | Build | Farm |
| 13:53 | Build | Farm |
| 13:54 | Build | Farm |
| 13:54 | Build | Farm |
| 13:58 | Build | Farm |
| 14:02 | Build | Farm |
| 14:04 | Create | Villager (Male) |
| 14:04 | Create | Villager (Male) |
| 14:04 | Create | Villager (Male) |
| 14:05 | Create | Villager (Male) |
| 14:26 | Create | Villager (Male) |
| 14:35 | Create | Villager (Male) |
| 14:38 | Create | Villager (Male) |
| 15:06 | Create | Villager (Male) |
| 15:12 | Create | Villager (Male) |
| 15:44 | Build | Lumber Camp |
| 15:54 | Build | House |
| 15:56 | Build | House |
| 15:57 | Build | House |
| 15:59 | Build | House |
| 16:04 | Create | Villager (Male) |
| 16:10 | Research | Feudal Age |
| 16:16 | Create | Villager (Male) |
| 16:42 | Build | Mining Camp |
| 16:51 | Create | Villager (Male) |
| 17:08 | Build | Barracks |
| 17:45 | Create | Villager (Male) |
| 18:18 | Build | Palisade Gate |
| 18:30 | Build | Mining Camp |
| 18:46 | Age | Feudal Age |
| 18:49 | Build | Blacksmith |
| 19:03 | Build | Market |
| 19:18 | Build | Stable |
| 19:32 | Build | Farm |
| 19:33 | Create | Villager (Male) |
| 19:33 | Create | Villager (Male) |
| 20:01 | Build | Farm |
| 20:03 | Create | Villager (Male) |
| 20:12 | Build | Stable |
| 20:12 | Build | Stable |
| 20:18 | Research | Forging |
| 20:18 | Research | Scale Barding Armor |
| 20:21 | Build | Farm |
| 20:37 | Build | Farm |
| 20:46 | Create | Villager (Male) |
| 20:52 | Research | Wheelbarrow |
| 20:53 | Research | Double-Bit Axe |
| 21:01 | Build | Farm |
| 21:03 | Create | Villager (Male) |
| 21:03 | Create | Villager (Male) |
| 21:49 | Create | Villager (Male) |
| 21:57 | Build | Palisade Wall |
| 22:01 | Build | Farm |
| 22:14 | Research | Castle Age |
| 22:33 | Build | Palisade Wall |
| 22:45 | Build | Lumber Camp |
| 22:53 | Research | Gold Mining |
| 23:42 | Create | Villager (Male) |
| 23:53 | Create | Scout Cavalry |
| 23:53 | Create | Scout Cavalry |
| 23:53 | Create | Scout Cavalry |
| 23:54 | Create | Scout Cavalry |
| 24:19 | Build | House |
| 24:24 | Build | House |
| 24:27 | Build | House |
| 24:35 | Build | House |
| 24:47 | Build | House |
| 24:50 | Create | Villager (Male) |
| 25:11 | Age | Castle Age |
| 25:12 | Create | Knight |
| 25:12 | Create | Knight |
| 25:13 | Create | Knight |
| 25:43 | Build | Town Center |
| 25:59 | Research | Husbandry |
| 26:00 | Create | Knight |
| 26:01 | Create | Knight |
| 26:14 | Build | Farm |
| 26:16 | Create | Villager (Male) |
| 26:17 | Create | Villager (Male) |
| 26:17 | Create | Villager (Male) |
| 27:51 | Build | Monastery |
| 27:56 | Create | Villager (Male) |
| 27:57 | Create | Villager (Male) |
| 27:59 | Create | Villager (Male) |
| 28:00 | Create | Villager (Male) |
| 28:01 | Create | Villager (Male) |
| 28:25 | Build | Lumber Camp |
| 28:47 | Create | Villager (Male) |
| 28:48 | Create | Villager (Male) |
| 28:53 | Build | Mining Camp |
| 29:01 | Build | Farm |
| 29:04 | Build | Farm |
| 29:37 | Build | Lumber Camp |
| 29:39 | Create | Villager (Male) |
| 29:40 | Create | Villager (Male) |
| 29:40 | Research | Hand Cart |
| 29:42 | Create | Villager (Male) |
| 29:44 | Create | Villager (Male) |
Build order — lovestosplooge
First 150 of 367 actions detected
| 0:02 | Create | Villager (Male) |
| 0:02 | Create | Villager (Male) |
| 0:02 | Create | Villager (Male) |
| 0:02 | Create | Villager (Male) |
| 0:05 | Build | House |
| 0:07 | Build | House |
| 1:26 | Create | Villager (Male) |
| 1:26 | Create | Villager (Male) |
| 1:56 | Create | Villager (Male) |
| 2:09 | Create | Villager (Male) |
| 2:51 | Create | Villager (Male) |
| 3:20 | Create | Villager (Male) |
| 3:24 | Build | House |
| 3:26 | Build | House |
| 3:31 | Create | Villager (Male) |
| 4:07 | Create | Villager (Male) |
| 4:25 | Create | Villager (Male) |
| 4:28 | Research | Loom |
| 5:30 | Create | Villager (Male) |
| 5:30 | Create | Villager (Male) |
| 6:21 | Build | Lumber Camp |
| 6:25 | Create | Villager (Male) |
| 6:34 | Create | Villager (Male) |
| 6:35 | Create | Villager (Male) |
| 6:35 | Create | Villager (Male) |
| 6:41 | Build | Mill |
| 7:29 | Create | Villager (Male) |
| 7:29 | Create | Villager (Male) |
| 7:29 | Create | Villager (Male) |
| 7:45 | Create | Villager (Male) |
| 8:21 | Create | Villager (Male) |
| 8:59 | Build | House |
| 9:00 | Build | House |
| 9:19 | Create | Villager (Male) |
| 9:55 | Build | Mining Camp |
| 10:03 | Build | Mill |
| 10:31 | Create | Villager (Male) |
| 10:31 | Create | Villager (Male) |
| 10:32 | Create | Villager (Male) |
| 11:33 | Create | Villager (Male) |
| 11:34 | Create | Villager (Male) |
| 12:02 | Create | Villager (Male) |
| 12:27 | Research | Feudal Age |
| 13:06 | Build | Barracks |
| 13:20 | Create | Villager (Male) |
| 13:20 | Create | Villager (Male) |
| 14:26 | Build | House |
| 14:30 | Build | Farm |
| 14:30 | Build | Farm |
| 14:31 | Build | Farm |
| 14:31 | Build | Farm |
| 14:31 | Build | Farm |
| 14:31 | Build | Farm |
| 14:32 | Build | Farm |
| 14:32 | Build | Farm |
| 14:32 | Build | Farm |
| 14:59 | Build | House |
| 15:16 | Age | Feudal Age |
| 15:24 | Build | Blacksmith |
| 15:33 | Research | Wheelbarrow |
| 15:38 | Build | Market |
| 15:47 | Build | Farm |
| 16:22 | Build | Watch Tower |
| 16:25 | Create | Villager (Male) |
| 16:26 | Create | Villager (Male) |
| 16:31 | Build | Farm |
| 16:46 | Build | Farm |
| 16:47 | Build | Farm |
| 16:47 | Build | Farm |
| 16:48 | Build | Farm |
| 16:57 | Research | Castle Age |
| 17:08 | Build | Mining Camp |
| 17:30 | Research | Padded Archer Armor |
| 17:59 | Research | Double-Bit Axe |
| 18:03 | Research | Horse Collar |
| 18:22 | Build | Farm |
| 19:22 | Build | Stable |
| 19:50 | Research | Fletching |
| 20:01 | Age | Castle Age |
| 20:05 | Build | Monastery |
| 20:08 | Create | Knight |
| 20:09 | Create | Knight |
| 20:09 | Create | Knight |
| 20:31 | Research | Hand Cart |
| 20:38 | Research | Bow Saw |
| 20:58 | Create | Villager (Male) |
| 20:58 | Create | Villager (Male) |
| 20:58 | Create | Villager (Male) |
| 21:42 | Build | Siege Workshop |
| 21:43 | Create | Villager (Male) |
| 22:18 | Create | Battering Ram |
| 22:33 | Create | Villager (Male) |
| 22:34 | Create | Villager (Male) |
| 22:34 | Create | Villager (Male) |
| 23:04 | Build | Town Center |
| 23:12 | Build | House |
| 23:51 | Create | Villager (Male) |
| 23:52 | Create | Villager (Male) |
| 23:52 | Create | Villager (Male) |
| 23:53 | Create | Villager (Male) |
| 24:09 | Research | Leather Archer Armor |
| 24:13 | Create | Battering Ram |
| 24:35 | Create | Villager (Male) |
| 24:35 | Create | Villager (Male) |
| 24:35 | Create | Villager (Male) |
| 24:36 | Create | Villager (Male) |
| 24:36 | Create | Villager (Male) |
| 24:44 | Build | Farm |
| 24:46 | Create | Villager (Male) |
| 24:46 | Create | Villager (Male) |
| 25:19 | Build | Monastery |
| 25:20 | Create | Villager (Male) |
| 25:20 | Create | Villager (Male) |
| 25:21 | Create | Villager (Male) |
| 25:21 | Create | Villager (Male) |
| 25:21 | Create | Villager (Male) |
| 25:40 | Create | Knight |
| 25:40 | Create | Knight |
| 25:41 | Create | Knight |
| 25:44 | Create | Villager (Male) |
| 25:44 | Create | Villager (Male) |
| 25:44 | Create | Villager (Male) |
| 25:59 | Build | Town Center |
| 26:05 | Build | House |
| 26:06 | Build | House |
| 26:06 | Build | House |
| 26:19 | Build | Farm |
| 26:32 | Create | Missionary |
| 26:32 | Create | Missionary |
| 27:37 | Create | Villager (Male) |
| 27:37 | Create | Villager (Male) |
| 27:37 | Create | Villager (Male) |
| 27:37 | Create | Villager (Male) |
| 28:12 | Research | Husbandry |
| 28:16 | Research | Scale Barding Armor |
| 28:17 | Research | Forging |
| 28:21 | Create | Missionary |
| 28:21 | Create | Villager (Male) |
| 28:22 | Create | Villager (Male) |
| 28:22 | Create | Villager (Male) |
| 28:22 | Create | Villager (Male) |
| 28:23 | Create | Villager (Male) |
| 28:27 | Build | Farm |
| 28:27 | Build | Farm |
| 28:28 | Build | Farm |
| 28:29 | Build | Farm |
| 28:29 | Build | Farm |
| 28:29 | Build | Farm |
| 28:30 | Build | Farm |
| 28:30 | Build | Farm |
Match timeline
| 3:08 | YVillamilE · wall_segment Palisade Wall x22 |
| 4:28 | YVillamilE · wall_segment Palisade Wall x10 |
| 6:19 | Bart Harley Jarvis · wall_segment Palisade Wall x1 |
| 6:21 | Bart Harley Jarvis · wall_segment Palisade Wall x1 |
| 8:44 | Bart Harley Jarvis · first_building Barracks |
| 8:56 | YVillamilE · wall_segment Palisade Wall x5 |
| 10:37 | YVillamilE · wall_segment Palisade Wall x18 |
| 10:43 | RedSk0rpi0 · wall_segment Palisade Wall x17 |
| 10:56 | Bart Harley Jarvis · age_up feudal |
| 12:26 | RedSk0rpi0 · age_up feudal |
| 13:06 | lovestosplooge · first_building Barracks |
| 15:16 | lovestosplooge · age_up feudal |
| 17:08 | YVillamilE · first_building Barracks |
| 18:46 | YVillamilE · age_up feudal |
| 19:13 | Bart Harley Jarvis · first_market_buy 100 food |
| 19:18 | YVillamilE · first_building Stable |
| 19:22 | lovestosplooge · first_building Stable |
| 20:01 | lovestosplooge · age_up castle |
| 20:05 | lovestosplooge · first_building Monastery |
| 21:42 | lovestosplooge · first_building Siege Workshop |
| 21:57 | YVillamilE · wall_segment Palisade Wall x19 |
| 22:18 | Bart Harley Jarvis · age_up castle |
| 22:22 | Bart Harley Jarvis · first_building Siege Workshop |
| 22:33 | YVillamilE · wall_segment Palisade Wall x9 |
| 24:24 | RedSk0rpi0 · wall_segment Palisade Wall x15 |
| 25:02 | RedSk0rpi0 · age_up castle |
| 25:11 | YVillamilE · age_up castle |
| 25:14 | RedSk0rpi0 · first_building Castle |
| 25:29 | RedSk0rpi0 · first_building Siege Workshop |
| 26:01 | RedSk0rpi0 · wall_segment Stone Wall x3 |
| 26:04 | RedSk0rpi0 · wall_segment Stone Wall x3 |
| 26:10 | RedSk0rpi0 · wall_segment Stone Wall x4 |
| 27:51 | YVillamilE · first_building Monastery |
| 29:13 | Bart Harley Jarvis · wall_segment Stone Wall x6 |
| 29:18 | Bart Harley Jarvis · wall_segment Stone Wall x5 |
| 33:47 | lovestosplooge · first_market_buy 100 food |
| 34:47 | lovestosplooge · first_building Castle |
| 34:49 | YVillamilE · first_building Siege Workshop |
| 34:56 | Bart Harley Jarvis · first_building Castle |
| 35:29 | RedSk0rpi0 · first_building Barracks |
| 36:02 | RedSk0rpi0 · first_market_sell 500 food |
| 36:44 | Bart Harley Jarvis · wall_segment Stone Wall x6 |
| 36:48 | Bart Harley Jarvis · wall_segment Stone Wall x18 |
| 36:54 | Bart Harley Jarvis · age_up imperial |
| 36:59 | lovestosplooge · age_up imperial |
| 39:15 | RedSk0rpi0 · age_up imperial |
| 39:35 | YVillamilE · age_up imperial |
| 39:37 | lovestosplooge · first_building Archery Range |
| 43:08 | Bart Harley Jarvis · first_market_sell 100 wood |
| 47:28 | YVillamilE · resign |
[ AI ANALYSIS · 1 CREDIT ]
What really happened in this match?
Wolo.gg analyzes every decision: build order, eco, micro, common mistakes by bracket. Personalized analysis on WhatsApp or Discord in 30 seconds.
Civ guide
Romans
Perfil
Jugador #956616